[Event "*** Titled Tuesday Blitz"]
[Site "Chess.com"]
[Date "2020.05.19"]
[Round "1"]
[White "mbachez"]
[Black "Gandrade2"]
[Result "1-0"]
[WhiteElo "2489"]
[BlackElo "2045"]
[TimeControl "180+1"]
[EndTime "12:07:20 PDT"]
[Termination "mbachez won on time"]

1. e4 c6 2. Nf3 d5 3. Nc3 Nf6 4. e5 Ne4 5. Ne2 Bg4 6. d4 e6 7.
h3 Bh5 8. Nf4 Bg6 9. Bd3 c5 10.
O-O Nc6 11. Re1 cxd4 12. Nxg6 hxg6 13. Bxe4 dxe4 14. Rxe4 Bc5 15. a3 a5 16. Qd3 Qc7 17.
Bf4 Rd8 18. Rae1 Qb6 19. Bc1 a4 20. Rf4 Be7 21. Nd2 Bg5 22. Nc4 Qc7 23. Rxf7 Kxf7 24. Bxg5 Rd7 25. Re4 Rf8 26. Rf4+ Kg8 27. Qxg6 Nxe5 28.
Qxe6+ Nf7 29. Rg4 Qc6 30. Qxc6 bxc6 31. Bd2 c5 32. Rg6 Re8 33. Kf1 Rde7 34. g3 Re6 35.
Rxe6 Rxe6 36. f3 Nd8 37. f4 Nc6 38. Kf2 Kf7 39. Nb6 Ne7 40. Nc4 Nd5 41. g4 Re4 42.
Nd6+ 1-0

[Event "*** Titled Tuesday Blitz"]
[Site "Chess.com"]
[Date "2020.05.19"]
[Round "1"]
[White "Konovalova_Vera"]
[Black "MFguimaraes"]
[Result "1/2-1/2"]
[WhiteElo "2150"]
[BlackElo "2499"]
[TimeControl "180+1"]
[EndTime "12:07:21 PDT"]
[Termination "Game drawn by repetition"]

1. d4 Nf6 2. Bg5 c5 3. e3 Qb6 4. b3 e6 5. Bxf6 gxf6 6. Nf3 Nc6 7. Be2 Rg8 8. O-O f5 9. c4 cxd4 10. exd4 Bg7 11. c5 Qc7 12. Nc3 d5 13. Nb5 Qf4 14. g3 Qh6 15. Nc7+ Kd8 16. Nxa8 f4 17. Qd2 fxg3 18. Qxh6 gxf2+ 19. Kxf2 Bxh6 20. Rg1 Rg6 21. Rxg6 hxg6 22. Rg1 Bd7 23. Rd1 Kc8 24. Ne5 Nxe5 25.
dxe5 Bf4 26. h4 Bxe5 27. h5 gxh5 28. Bxh5 f5 29. Bf7 Kb8 30. Rh1 Kxa8 31. Rh7 a5 32.
Bh5 Bd4+ 33. Ke1 Bc6 34. Re7 e5 35. Be8 e4 36. Bxc6 bxc6 37. Rf7 Bxc5 38. Rxf5 Kb7 39. Ke2 Kb6 40. a4 Bg1 41. Rf1 Bc5 42. Rc1 d4 43.
Rc4 d3+ 44. Kd2 Bb4+ 45. Ke3 d2 46. Ke2 e3 47. Re4 Bc5 48. Re5 Bd4 49. Re4 Kc5 50.
Kd1 Kd5 51. Re8 Be5 52. Rd8+ Kc5 53. Re8 Bd4 54. Rd8 Be5 55. Re8 Bd4 56. Rd8 Be5 1/2-1/2

[Event "*** Titled Tuesday Blitz"]
[Site "Chess.com"]
[Date "2020.05.19"]
[Round "1"]
[White "Doukis"]
[Black "Baby_Legs"]
[Result "0-1"]
[WhiteElo "2379"]
[BlackElo "2716"]
[TimeControl "180+1"]
[EndTime "12:07:22 PDT"]
[Termination "Baby_Legs won by resignation"]

1. d4 d5 2. Nc3 e6 3. e4 Bb4 4. a3 Bxc3+ 5. bxc3 dxe4 6. Qg4 Nf6 7. Qxg7 Rg8 8. Qh6 c5 9. Ne2 Nc6 10. dxc5 Rg6 11. Qe3 Ng4 12. Qd2 Qa5 13. Ng3 f5 14. Be2 Qxc5 15. Bxg4 Rxg4 16. O-O Bd7 17. a4 O-O-O 18. Ba3 Qe5 19. Rab1 f4 20. Bd6 Qd5 21.
Qxd5 exd5 22. Ne2 Rxg2+ 23. Kxg2 f3+ 24. Kh1 fxe2 25. Rfe1 Bg4 26. Bg3 Bf3+ 27. Kg1 Na5 28.
Rb5 Nc4 29. Rc5+ Kd7 30. Rc7+ Ke6 31. Rxh7 Rd7 32. Rh6+ Kf5 33. Rh8 Na3 34. Rf8+ Ke6 35. h4 Nxc2 36. Rc1 e1=Q+ 37. Rxe1 Nxe1 38. Ra8 a6 39. Rf8 Nd3 40. Re8+ Re7 41. Rb8 Ne5 42. Kh2 Ng4+ 43.
Kh3 Nh6 44. h5 Bxh5 45. Rh8 Bg4+ 46. Kh4 Nf7 47. Kxg4 Nxh8 48. Bh4 Rf7 0-1

[Event "*** Titled Tuesday Blitz"]
[Site "Chess.com"]
[Date "2020.05.19"]
[Round "1"]
[White "MidnightFox"]
[Black "Lali-Rustavi"]
[Result "1-0"]
[WhiteElo "2470"]
[BlackElo "1873"]
[TimeControl "180+1"]
[EndTime "12:07:22 PDT"]
[Termination "MidnightFox won on time"]

1. e4 c6 2. d4 d5 3. exd5 cxd5 4. Bd3 Nf6 5. c3 Nc6 6. Bf4 e6 7. Nf3 Bd6 8. Bg3 O-O 9. O-O a6 10. Nbd2 b5 11. a3 Bb7 12. Qe2 Na5 13. Bxd6 Qxd6 14. Ne5 Nc4 15. Nb3 Rfc8 16. f4 a5 17. Nc5 Rxc5 18.
dxc5 Qxc5+ 19. Qf2 Qc7 20. Rae1 Ne4 21. Bxe4 dxe4 22.
Nxc4 bxc4 23. Rd1 f5 24. Rd2 Qc6 25. Rfd1 Qb5 26. Rd6 Bd5 27. Qb6 Qa4 28. Re1 Rf8 29. Qc7 Qc2 30. Rd7 1-0

[Event "*** Titled Tuesday Blitz"]
[Site "Chess.com"]
[Date "2020.05.19"]
[Round "1"]
[White "LaStreetCmaMaison"]
[Black "floplover"]
[Result "1/2-1/2"]
[WhiteElo "2584"]
[BlackElo "2306"]
[TimeControl "180+1"]
[EndTime "12:07:23 PDT"]
[Termination "Game drawn by repetition"]

1. b3 g6 2. Bb2 Nf6 3. Nf3 Bg7 4. g3 O-O 5. Bg2 d6 6. O-O e5 7. e3 Nbd7 8. d4 Re8 9. c4 e4 10. Nfd2 Nf8 11. Nc3 Bf5 12. f3 exf3 13. Qxf3 c6 14.
e4 Bg4 15. Qf2 c5 16. dxc5 dxc5 17. Nd5 N8d7 18. h3 Be6 19. Rad1 Bxd5 20. exd5 Ne5 21.
Nf3 Nxf3+ 22. Qxf3 Nh5 23. Qxf7+ Kh8 24. Bxg7+ Nxg7 25. Qxb7 Rf8 26. d6 Rxf1+ 27. Rxf1 Rb8 28. Qc7 Nf5 29. Rxf5 gxf5 30. Bb7 f4 31. gxf4 Qg8+ 32. Bg2 Re8 33. Qxc5 Qg3 34. Qd4+ Kg8 35. Qd5+ Kh8 36. Qd4+ Kg8 37. Qd5+ Kh8 38. Qd4+ 1/2-1/2

[Event "*** Titled Tuesday Blitz"]
[Site "Chess.com"]
[Date "2020.05.19"]
[Round "1"]
[White "Er_is_geen_hoop_meer"]
[Black "XDPS"]
[Result "1-0"]
[WhiteElo "2394"]
[BlackElo "2692"]
[TimeControl "180+1"]
[EndTime "12:07:24 PDT"]
[Termination "Er_is_geen_hoop_meer won by resignation"]

1. b4 d5 2. Bb2 Nf6 3. e3 Bf5 4.
Be2 e6 5. a3 Nbd7 6. g4 Bg6 7.
g5 Ne4 8. h4 h5 9. Nh3 e5 10. d3 Nd6 11. f4 Nf5 12. fxe5 Nxe3 13. Qd2 Ng2+ 14. Kf2 Nxh4 15. Qf4 Nf5 16. Nc3 c6 17. d4 Be7 18. Bd3 Nxd4 19. Qxd4 O-O 20. Kg3 Bxg5 21. Raf1 Qe7 22. e6 Bf6 23. Rxf6 Qxf6 24.
Qxf6 Nxf6 25. Bxg6 fxg6 26. Ng5 Rae8 27. Re1 Ng4 28.
Nf7 Nh6 29. Nxh6+ gxh6 30. Na4 g5 31. Nc5 Re7 32. Nd7 Rf5 33. Nf6+ Kf8 34. Nxh5 Ke8 35. Bf6 d4 36. Bxd4 Rc7 37. Ng7+ Rxg7 38. Bxg7 h5 39.
e7 Rf4 40. Bf8 h4+ 41. Kg2 Rd4 42. Kf3 g4+ 43. Ke3 Rd6 44. Kf4 g3 45. Kg4 g2 46.
Kxh4 Re6 47. Rg1 Re2 48. Kh3 Rxc2 49. Rxg2 Rc3+ 50. Rg3 Rc1 51. Rd3 1-0

[Event "*** Titled Tuesday Blitz"]
[Site "Chess.com"]
[Date "2020.05.19"]
[Round "1"]
[White "SaySpade4VIP"]
[Black "Djager97"]
[Result "1-0"]
[WhiteElo "2675"]
[BlackElo "2360"]
[TimeControl "180+1"]
[EndTime "12:07:24 PDT"]
[Termination "SaySpade4VIP won by resignation"]

1. d4 d5 2. Bf4 Nf6 3. e3 c5 4. c3 Nc6 5. Nd2 Bf5 6. Ngf3 e6 7. Qb3 Qc8 8. c4 cxd4 9. Nxd4 Nxd4 10. exd4 Be7 11.
Rc1 O-O 12. Be2 dxc4 13. Nxc4 Qd7 14. Be5 Rac8 15. O-O Rfd8 16. Bf3 Nd5 17. Ne3 Nxe3 18. fxe3 b6 19. Rc3 h6 20. Rfc1 Rxc3 21. Qxc3 Bd6 22.
Bxd6 Qxd6 23. Qc7 e5 24. Qxd6 Rxd6 25. e4 Bg6 26. d5 f5 27. exf5 Bxf5 28. Rc7 e4 29.
Be2 Kh7 30. Bc4 a6 31. Rc6 Rxc6 32. dxc6 Bc8 33. Kf2 Kg6 34. Ke3 Kf5 35. Kd4 Kf4 36. Be2 g5 37. g3+ Kf5 38. h3 a5 39. Bg4+ 1-0

[Event "*** Titled Tuesday Blitz"]
[Site "Chess.com"]
[Date "2020.05.19"]
[Round "1"]
[White "Paladin61"]
[Black "Mashenka97"]
[Result "1/2-1/2"]
[WhiteElo "2650"]
[BlackElo "2356"]
[TimeControl "180+1"]
[EndTime "12:07:24 PDT"]
[Termination "Game drawn by repetition"]

1. d4 Nf6 2. c4 g6 3. g3 Bg7 4.
Bg2 O-O 5. Nc3 d6 6. Nf3 Nc6 7. O-O e5 8. d5 Ne7 9. e4 Ne8 10. Ne1 f5 11. Nd3 Nf6 12. Bg5 h6 13. Bxf6 Bxf6 14.
f4 exf4 15. Nxf4 Bg7 16. Qd3 fxe4 17. Bxe4 g5 18. Nh5 Bh3 19. Rxf8+ Qxf8 20. Nxg7 Qxg7 21. Re1 Rf8 22. Bg2 Bxg2 23. Kxg2 Ng6 24. Rf1 Rxf1 25. Qxf1 Qd4 26. Qf5 Qd2+ 27. Kh3 Ne5 28. Qc8+ Kg7 29. Qxc7+ Kg8 30. Qd8+ Kg7 31. Qe7+ Kg8 32. Qe6+ Kg7 33. Qe7+ Kg8 34. Qe8+ Kg7 35. Qe7+ 1/2-1/2

[Event "*** Titled Tuesday Blitz"]
[Site "Chess.com"]
[Date "2020.05.19"]
[Round "1"]
[White "ElHelvetico"]
[Black "albano87"]
[Result "0-1"]
[WhiteElo "2578"]
[BlackElo "2314"]
[TimeControl "180+1"]
[EndTime "12:07:24 PDT"]
[Termination "albano87 won by resignation"]

1. e4 c5 2. Nf3 Nc6 3. Nc3 d6 4.
d4 cxd4 5. Nxd4 Nf6 6. Bg5 Bd7 7. f4 Rc8 8. Qd2 Nxd4 9. Qxd4 Qa5 10. O-O-O Rxc3 11. bxc3 e5 12. Qb4 Qxb4 13. cxb4 Nxe4 14. Bd3 Nf2 15. fxe5 Nxh1 16. Rxh1 dxe5 17. b5 f6 18. Be3 Ba3+ 19. Kb1 b6 20. Rd1 Be6 21. Be4 Kf7 22.
Rd3 Be7 23. Bc6 f5 24. a4 f4 25. Bf2 Bf5 26. Rd5 Kf6 27. a5 bxa5 28. Bxa7 Be4 29.
Kb2 Bxd5 30. Bxd5 Kf5 31. c4 Bb4 32. c5 Rd8 33. c6 Bd6 34. b6 e4 35. c7 Be5+ 36.
Kb3 Rc8 37. Bb8 Rxb8 38. cxb8=Q Bxb8 39. Kc4 g5 40. b7 g4 41. Kd4 Be5+ 42. Kc4 f3 43.
gxf3 gxf3 44. Kb5 Kf4 45. Kc6 e3 0-1

[Event "*** Titled Tuesday Blitz"]
[Site "Chess.com"]
[Date "2020.05.19"]
[Round "1"]
[White "Koksik_13"]
[Black "CakeinSpace2002"]
[Result "1-0"]
[WhiteElo "2531"]
[BlackElo "2206"]
[TimeControl "180+1"]
[EndTime "12:07:24 PDT"]
[Termination "Koksik_13 won by resignation"]

1. d4 Nf6 2. Nc3 d5 3. Bf4 a6 4. e3 Bf5 5. Nf3 e6 6. Bd3 Bg6 7. Ne5 c5 8. O-O Nc6 9. Nxc6 bxc6 10. Qf3 c4 11. Bxg6 hxg6 12. e4 Bb4 13. e5 Nd7 14. Ne2 Qh4 15. Bg3 Qh5 16. Qxh5 Rxh5 17. b3 Nb6 18.
Rab1 a5 19. c3 Be7 20. bxc4 Nxc4 21. Rb7 Na3 22. Nf4 Rh8 23. Nd3 Kd8 24. h3 Rf8 25. Re1 Re8 26. Re2 Nc4 27. Re1 Na3 28. Nc5 Bxc5 29.
dxc5 Re7 30. Bh4 f6 31. Rb3 g5 32. Bxg5 fxg5 33. Rxa3 Rb7 34. c4 Rb2 35. cxd5 cxd5 36. Rg3 Ra7 37. Rxg5 Rf7 38. f3 Kc7 39. a4 Kc6 40. Rg4 Kxc5 41. Rc1+ Kb6 42. Rc8 Re7 43.
Rb8+ Rb7 44. Rxb7+ Kxb7 45. Rxg7+ Kc6 46. h4 d4 47. Kf1 d3 48. Ke1 Kd5 49. Rg4 Rb4 50.
h5 Kxe5 51. Kd2 Rb7 52. Kxd3 Rh7 53. Rg5+ Kd6 54. Rxa5 e5 55. Ke4 Rxh5 56. f4 1-0

[Event "*** Titled Tuesday Blitz"]
[Site "Chess.com"]
[Date "2020.05.19"]
[Round "1"]
[White "crywolf1986"]
[Black "Lucas_Tomiello"]
[Result "0-1"]
[WhiteElo "2499"]
[BlackElo "2193"]
[TimeControl "180+1"]
[EndTime "12:07:24 PDT"]
[Termination "Lucas_Tomiello won by resignation"]

1. d4 Nf6 2. Nf3 g6 3. c4 Bg7 4. g3 O-O 5. Bg2 d6 6. O-O a6 7. Nc3 Nc6 8. e3 e5 9. d5 Ne7 10. e4 Nd7 11. Be3 a5 12. Qd2 Nc5 13. Bh6 f5 14.
Bxg7 Kxg7 15. exf5 Bxf5 16. Rfe1 Qd7 17. Nh4 Bh3 18. Re3 Rae8 19. Rae1 Bxg2 20. Kxg2 Nf5 21. Nxf5+ gxf5 22. f4 exf4 23. Rxe8 Rxe8 24. Rxe8 Qxe8 25. Qxf4 Qh5 26. b3 Qf7 27. Nb5 Ne4 28. Nd4 Kg6 29.
h4 h5 30. Ne6 Qf6 31. Kh3 Qb2 32. Nf8+ Kg7 33. Ne6+ Kg8 34. Qxf5 Nf2+ 35. Kg2 Ng4+ 36. Kg1 Qh2+ 37. Kf1 Ne3+ 38. Ke1 Nxf5 0-1

[Event "*** Titled Tuesday Blitz"]
[Site "Chess.com"]
[Date "2020.05.19"]
[Round "1"]
[White "Raja3401"]
[Black "KyronGriffith"]
[Result "1-0"]
[WhiteElo "2715"]
[BlackElo "2378"]
[TimeControl "180+1"]
[EndTime "12:07:25 PDT"]
[Termination "Raja3401 won by resignation"]

1. e4 c5 2. Nf3 d6 3. d4 cxd4 4. Nxd4 Nf6 5. Nc3 a6 6. Bg5 e6 7.
f4 Be7 8. Qf3 Qc7 9. O-O-O Nbd7 10. g4 h6 11. Bh4 g5 12. fxg5 Ne5 13. Qe2 Nfxg4 14. Kb1 Bxg5 15. Bg3 Ne3 16. Re1 N3c4 17. Nb3 Bd7 18. h4 Be7 19. Bh3 Rc8 20. Nd1 Bb5 21.
Qf2 Rg8 22. Rhg1 Qc6 23. Nd4 Qb6 24. Bxe5 Rxg1 25. Rxg1 dxe5 26. Rg8+ Bf8 27. Nxe6 Qxf2 28. Rxf8+ Ke7 29. Nxf2 Rxf8 30. Nxf8 Kxf8 31. b3 Nd2+ 32. Kb2 Nf3 33. h5 Bc6 34. c4 Ke7 35. Kc3 b5 36. c5 Ng5 37. Bf5 Nf3 38. b4 Nd4 39. Bg4 Kf6 40.
Bd1 Kg5 41. Ng4 Bxe4 42. Nxe5 f5 43. Kxd4 1-0

[Event "*** Titled Tuesday Blitz"]
[Site "Chess.com"]
[Date "2020.05.19"]
[Round "1"]
[White "svilson23"]
[Black "DamianoLew95"]
[Result "1-0"]
[WhiteElo "2232"]
[BlackElo "2520"]
[TimeControl "180+1"]
[EndTime "12:07:25 PDT"]
[Termination "svilson23 won by resignation"]

1. d4 d5 2. Bg5 f6 3. Bd2 Nc6 4.
e3 e5 5. Bb5 Bd6 6. c4 exd4 7.
cxd5 a6 8. Ba4 b5 9. dxc6 bxa4 10. exd4 Ne7 11. Qxa4 Nf5 12. Ne2 O-O 13. O-O Re8 14. Ng3 Nxd4 15. Qxd4 Be6 16. Nc3 Bxg3 17. Qxd8 Raxd8 18. hxg3 Rxd2 19. b3 Kf7 20. Rfe1 Red8 21.
Ne4 Rc2 22. Rec1 Rxc1+ 23. Rxc1 a5 24. Nc5 Rd2 25. a4 Bg4 26. Rc3 Ke7 27. Nb7 Rd5 28. Re3+ Kf7 29. Rc3 Be6 30. Rc5 Rd1+ 31. Kh2 Bxb3 32.
Rxa5 Rc1 33. Ra7 Ke7 34. Na5 Bd5 35. Rxc7+ Ke6 36. Rxg7 Rc5 37. Nb7 Rc4 38. Nd8+ Kd6 39.
a5 Ra4 40. Rxh7 Rxa5 41. Nb7+ Kxc6 42. Nxa5+ Kb6 43. Rh5 Kxa5 1-0

[Event "*** Titled Tuesday Blitz"]
[Site "Chess.com"]
[Date "2020.05.19"]
[Round "1"]
[White "top_bu_tz"]
[Black "petrkostenko"]
[Result "0-1"]
[WhiteElo "2211"]
[BlackElo "2535"]
[TimeControl "180+1"]
[EndTime "12:07:25 PDT"]
[Termination "petrkostenko won by checkmate"]

1. e4 e6 2. d4 d5 3. Nd2 Nf6 4. e5 Nfd7 5. Bd3 c5 6. c3 Nc6 7.
Ne2 cxd4 8. cxd4 f6 9. exf6 Qxf6 10. Nf3 h6 11. O-O Bd6 12. h3 O-O 13. Bb1 Rf7 14.
a3 Nf8 15. Ng3 Bd7 16. b4 Be8 17. Nh5 Qd8 18. Qd3 Rc8 19. Bd2 a5 20. b5 Rxf3 21. Qxf3 Nxd4 22. Qg4 Bxh5 23. Qxh5 Qf6 24. Bd3 Nb3 25.
Rad1 Nxd2 26. Rxd2 Qf4 27. Rfd1 Qh2+ 28. Kf1 Bxa3 29.
Qf3 Bb4 30. Rc2 Rxc2 31. Bxc2 b6 32. Rc1 Bc5 33. Rd1 Qe5 34. Qd3 Qf6 35. Rd2 Qa1+ 36. Rd1 Qf6 37. Rd2 Nd7 38. Re2 Nf8 39. Re1 Qxf2# 0-1

[Event "*** Titled Tuesday Blitz"]
[Site "Chess.com"]
[Date "2020.05.19"]
[Round "1"]
[White "RojonR"]
[Black "Rikikits"]
[Result "1-0"]
[WhiteElo "2405"]
[BlackElo "2713"]
[TimeControl "180+1"]
[EndTime "12:07:26 PDT"]
[Termination "RojonR won on time"]

1. e4 Nc6 2. d4 e5 3. d5 Nce7 4.
c4 Ng6 5. Nc3 Nf6 6. Be3 Bb4 7. Qc2 Bxc3+ 8. bxc3 d6 9. c5 O-O 10.
h3 Nd7 11. cxd6 cxd6 12. Nf3 Qa5 13. Be2 Nc5 14. O-O f5 15. exf5 Bxf5 16. Qb2 b6 17. Qb4 Qxb4 18. cxb4 Na4 19. Rac1 Rac8 20. Ba6 Rc3 21.
Bb5 Ra3 22. Rc7 Nc3 23. Bc4 b5 24. Bb3 Nxa2 25. Bxa2 Rxa2 26. Rxa7 h6 27. Rxa2 Be4 28.
Rc1 Bxd5 29. Rd2 Bxf3 30. gxf3 Nh4 31. Rxd6 Nxf3+ 32. Kf1 Rf7 33. Ke2 Nh4 34. Rc5 1-0

[Event "*** Titled Tuesday Blitz"]
[Site "Chess.com"]
[Date "2020.05.19"]
[Round "1"]
[White "konradrutkowski"]
[Black "olksuna"]
[Result "0-1"]
[WhiteElo "2286"]
[BlackElo "2579"]
[TimeControl "180+1"]
[EndTime "12:07:26 PDT"]
[Termination "olksuna won on time"]

1. e4 c5 2. Nf3 Nc6 3. Bb5 g6 4. O-O Bg7 5. Re1 e5 6. c3 Nge7 7. d4 cxd4 8. cxd4 Nxd4 9. Nxd4 exd4 10. e5 O-O 11. Qxd4 d5 12. Bf4 a6 13. Ba4 Be6 14.
Nc3 Nf5 15. Qd2 Qa5 16. Bb3 Rfd8 17. Bg5 Rd7 18. Rad1 d4 19. Bxe6 fxe6 20. g4 Ne7 21. Bxe7 Rxe7 22. Qxd4 Rf8 23. f4 Ref7 24. Re4 g5 25.
Rf1 gxf4 26. Rf2 f3 27. Qe3 Qd8 28. Rd4 Qh4 29. Qd2 Kh8 30. Qd3 Rf4 31. Rxf4 Rxf4 32. Rxf3 Qxg4+ 33. Rg3 Qf5 34. Qd8+ Qf8 0-1

[Event "*** Titled Tuesday Blitz"]
[Site "Chess.com"]
[Date "2020.05.19"]
[Round "1"]
[White "26andrej26"]
[Black "Sanan_Sjugirov"]
[Result "0-1"]
[WhiteElo "2428"]
[BlackElo "2832"]
[TimeControl "180+1"]
[EndTime "12:07:27 PDT"]
[Termination "Sanan_Sjugirov won on time"]

1. e4 c5 2. Nf3 e6 3. d4 cxd4 4. Nxd4 Nc6 5. Nc3 Qc7 6. Ndb5 Qb8 7. f4 a6 8. Nd4 Qc7 9. Nxc6 bxc6 10. Bd3 d5 11. O-O Nf6 12. e5 Nd7 13. Na4 a5 14. c4 Nc5 15. Nxc5 Bxc5+ 16. Kh1 g6 17. Qc2 Qb6 18.
b3 O-O 19. Bb2 Ba6 20. f5 exf5 21. Bxf5 Bd4 22. Bd7 Bxb2 23. Qxb2 Bxc4 24. Rf6 d4 25. Rxc6 Qb7 26. Rd6 Bd5 27. Rg1 Rad8 28. Bg4 d3 29.
Qd4 Rxd6 30. exd6 Be4 31. d7 Rd8 32. Qf6 Qc7 33. Qe7 f5 0-1

[Event "*** Titled Tuesday Blitz"]
[Site "Chess.com"]
[Date "2020.05.19"]
[Round "1"]
[White "icychess54"]
[Black "FLamps8"]
[Result "0-1"]
[WhiteElo "2243"]
[BlackElo "2552"]
[TimeControl "180+1"]
[EndTime "12:07:27 PDT"]
[Termination "FLamps8 won on time"]

1. c4 e6 2. Nf3 Nf6 3. e3 d5 4. Nc3 a6 5. Be2 dxc4 6. Bxc4 b5 7. Be2 Bb7 8. O-O c5 9. b3 Nbd7 10. Bb2 Be7 11. d4 O-O 12. Rc1 Qb6 13. a3 Rfd8 14.
Qc2 Rac8 15. dxc5 Nxc5 16. b4 Na4 17. Nxa4 Rxc2 18. Nxb6 Rxb2 19. Rc7 Rxe2 20. Rxb7 Kf8 21. Nd4 Rd2 22. Nc6 Re8 23. Rc1 Bd6 24. Nd4 Ng4 25.
Nc8 Bxh2+ 26. Kh1 Be5 27. Nf3 Rxf2 28. Nxe5 Nxe5 29. Rcc7 Ng4 30. Kg1 Rd8 31. Nd6 Kg8 32.
Rd7 Rf8 33. Ra7 h5 34. Rxa6 Rd2 35. Kf1 Nxe3+ 36. Ke1 Rxg2 0-1

[Event "*** Titled Tuesday Blitz"]
[Site "Chess.com"]
[Date "2020.05.19"]
[Round "1"]
[White "WhiteCapital80"]
[Black "Paralinch"]
[Result "0-1"]
[WhiteElo "2443"]
[BlackElo "2873"]
[TimeControl "180+1"]
[EndTime "12:07:28 PDT"]
[Termination "Paralinch won by resignation"]

1. e4 c6 2. d4 d5 3. Nd2 dxe4 4. Nxe4 Nf6 5. Nxf6+ exf6 6. c3 Bd6 7. Bd3 O-O 8.
Ne2 Re8 9. Qc2 h5 10. Be3 Nd7 11.
O-O-O Nf8 12. Kb1 a5 13. c4 a4 14. Nc3 a3 15. b3 Bb4 16. d5 Qa5 17. Na4 c5 18. Bd2 Bd7 19. Nc3 Rad8 20. Rhe1 g6 21. Re4 f5 22. Re2 Rxe2 23. Bxe2 Re8 24. Bf3 f4 25. Be4 Qc7 26. f3 Qd6 27. Bd3 f5 28. Qc1 Qf6 29. Re1 Re3 30. Rxe3 fxe3 31. Be1 f4 32. Ne4 Qd4 33. Bxb4 Qxd3+ 34. Qc2 Qf1+ 35. Qc1 Qxc1+ 36. Kxc1 cxb4 37. c5 Kg7 38. Nd6 Kf6 39. Nxb7 Ke5 40. c6 Kxd5 41. cxd7 Nxd7 42. Nd8 Ne5 43. Nb7 Nd3+ 44. Kd1 Kd4 45. Na5 Kc3 46. Nc4 Nb2+ 47. Nxb2 axb2 0-1

[Event "*** Titled Tuesday Blitz"]
[Site "Chess.com"]
[Date "2020.05.19"]
[Round "1"]
[White "Pavel_Mir"]
[Black "CyberneticLion"]
[Result "1-0"]
[WhiteElo "2177"]
[BlackElo "2495"]
[TimeControl "180+1"]
[EndTime "12:07:28 PDT"]
[Termination "Pavel_Mir won by resignation"]

1. e4 e5 2. Nf3 Nc6 3. Nc3 Nf6 4. g3 d5 5. exd5 Nxd5 6. Bg2 Nxc3 7. bxc3 Bc5 8. O-O O-O 9. Re1 Bg4 10. h3 Bh5 11. d3 Bb6 12. Be3 Re8 13. Qb1 Qf6 14. Nd2 Rad8 15. a4 Bxe3 16. Rxe3 b6 17. Nc4 a6 18. Qb3 h6 19. Rae1 Na5 20. Nxa5 bxa5 21. d4 Rb8 22.
Qc4 Qb6 23. Rxe5 Rxe5 24. Rxe5 Bg6 25. Qe2 Qb1+ 26. Kh2 Qxc2 27. Qxc2 Bxc2 28. Rxa5 Rb3 29. c4 Rb4 30. Rxa6 Rxc4 31. a5 g6 32. Rc6 Bd3 33.
Rxc4 Bxc4 34. Bb7 Kf8 35. a6 Bxa6 36. Bxa6 Ke7 37. Bc4 f6 38. Kg2 Kd6 39. Kf3 c5 40. dxc5+ Kxc5 41. Bf7 g5 42. Ke4 Kd6 43. Kf5 Ke7 44.
Kg6 h5 45. Ba2 h4 46. gxh4 gxh4 47. Kh5 f5 48. Kxh4 Kf6 49. Kh5 f4 50. Kg4 Kg6 51. f3 Kh6 52. Kxf4 Kg6 53. Ke5 Kg7 54. f4 Kg6 55.
f5+ Kg7 56. Ke6 Kf8 57. Bd5 Ke8 58. Bh1 Kf8 59. f6 Ke8 60. f7+ Kf8 61. Bg2 Kg7 62.
Ke7 1-0

[Event "*** Titled Tuesday Blitz"]
[Site "Chess.com"]
[Date "2020.05.19"]
[Round "1"]
[White "Andreikka"]
[Black "El_ultimo_Pablo"]
[Result "1-0"]
[WhiteElo "2973"]
[BlackElo "2458"]
[TimeControl "180+1"]
[EndTime "12:07:29 PDT"]
[Termination "Andreikka won by resignation"]

1. c4 Nf6 2. Nc3 e6 3. e4 d5 4.
cxd5 exd5 5. e5 Ne4 6. Nf3 Nc6 7. d4 Bg4 8. h3 Bh5 9. Be3 Bb4 10. Qc2 O-O 11. Bd3 Bg6 12. O-O Nxc3 13. Bxg6 Ne2+ 14. Qxe2 hxg6 15. Rac1 Be7 16. Rc3 Qd7 17. Rfc1 Rfc8 18. a3 a5 19. Qb5 Rab8 20. Ne1 Rd8 21. Nd3 Qf5 22. Nf4 Qd7 23. Rd1 Kh7 24. Qd3 Qe8 25. Rb3 Na7 26. Qc2 c6 27. a4 Nc8 28. Bd2 b6 29.
Be3 Kg8 30. g3 Bb4 31. h4 Ne7 32. Bd2 Bxd2 33. Qxd2 Nf5 34. Rc3 Rbc8 35. Rdc1 Rd7 36. Rxc6 Rxc6 37. Rxc6 Rb7 38. Qc3 Qd7 39. e6 fxe6 40.
Nxg6 Kh7 41. Nf8+ 1-0

[Event "*** Titled Tuesday Blitz"]
[Site "Chess.com"]
[Date "2020.05.19"]
[Round "1"]
[White "FrankieJay"]
[Black "Zkid"]
[Result "0-1"]
[WhiteElo "2416"]
[BlackElo "2806"]
[TimeControl "180+1"]
[EndTime "12:07:29 PDT"]
[Termination "Zkid won by resignation"]

1. e4 e6 2. d4 d5 3. Nc3 Bb4 4. e5 c5 5. a3 Bxc3+ 6. bxc3 Qa5 7. Bd2 Qa4 8. Qg4 Kf8 9. Nf3 Qxc2 10. Be2 Qg6 11. Qf4 Qxg2 12. Rg1 Qh3 13. Qg5 g6 14. Qd8+ Kg7 15. Qxc8 Ne7 16. Qxc5 Nbc6 17. Qb5 Rhc8 18. Rg3 Qf5 19. Qd3 Na5 20. Rb1 a6 21. Bg5 Qxd3 22.
Bxd3 Rxc3 23. Kd2 Rc7 24. Bf6+ Kf8 25. Ng5 h6 26. Nf3 b5 27. Rh3 Ng8 28. Rg1 Rac8 29. Rhg3 Nb3+ 30. Ke2 Nc1+ 31. Rxc1 Rxc1 32. h4 Ra1 33. h5 g5 34. Nxg5 hxg5 35. Rxg5 Nxf6 36. exf6 Rh1 37. Bh7 Ke8 38. Rg8+ Kd7 39. Rxc8 Kxc8 40. Bg6 Kd7 41. Bxf7 a5 42. f4 b4 43. axb4 axb4 44. f5 exf5 45. Bxd5 Rxh5 46. Ke3 Rh4 47. Bc4 Ke8 48.
f7+ Ke7 49. Kf3 Rxd4 0-1

[Event "*** Titled Tuesday Blitz"]
[Site "Chess.com"]
[Date "2020.05.19"]
[Round "1"]
[White "Grandmaster2B"]
[Black "okriak"]
[Result "0-1"]
[WhiteElo "2408"]
[BlackElo "2775"]
[TimeControl "180+1"]
[EndTime "12:07:29 PDT"]
[Termination "okriak won by resignation"]

1. e4 e5 2. Nf3 Nc6 3. Bb5 a6 4. Ba4 Nf6 5. O-O Be7 6. Re1 b5 7. Bb3 d6 8. c3 O-O 9. h3 Nb8 10. d4 Nbd7 11. Bg5 Bb7 12. Nbd2 h6 13. Bh4 c5 14. a4 Re8 15. Bc2 Qc7 16. Bd3 Rad8 17.
axb5 axb5 18. Bxb5 Qb6 19. Bd3 Qxb2 20. Rb1 Qxc3 21.
Rb3 Qa5 22. Rxb7 exd4 23. Qa1 Qxa1 24. Rxa1 Rb8 25. Rab1 Rxb7 26. Rxb7 Kf8 27. Nc4 Rd8 28. Bg3 d5 29. exd5 Nxd5 30. Bf5 N7f6 31. Nfe5 g6 32. Bxg6 fxg6 33. Nxg6+ Kf7 34. Nxe7 Nxe7 35. Bd6 Ng8 36. Bxc5 d3 37. Ne3 d2 38. Rb1 Nd5 39. Rd1 Nc3 40.
Bb4 Nxd1 41. Nxd1 Rb8 42. Bxd2 Rb1 0-1

[Event "*** Titled Tuesday Blitz"]
[Site "Chess.com"]
[Date "2020.05.19"]
[Round "1"]
[White "Thee-Chessboy"]
[Black "Gareth-Bale11"]
[Result "0-1"]
[WhiteElo "2379"]
[BlackElo "2715"]
[TimeControl "180+1"]
[EndTime "12:07:29 PDT"]
[Termination "Gareth-Bale11 won by resignation"]

1. d4 Nf6 2. c4 e6 3. Nf3 d5 4. g3 Bb4+ 5. Bd2 Bd6 6. Bg2 c6 7. O-O O-O 8. Qc2 Nbd7 9. Rc1 Ne4 10. Be1 f5 11. Nc3 g5 12. e3 h5 13. Ne2 h4 14. b4 Qf6 15. b5 Kg7 16. bxc6 bxc6 17. cxd5 cxd5 18. Rab1 Ba6 19. Qc6 Bxe2 20. Rb7 Rf7 21.
Rxd7 Rxd7 22. Qxa8 hxg3 23. hxg3 f4 24. Ne5 Bxe5 25.
dxe5 Qf7 26. Rc8 fxe3 27. fxe3 Rb7 28. Rg8+ Qxg8 29. Qxb7+ Kh6 30. Qe7 Qg6 31. Qf8+ Qg7 32. Qxg7+ Kxg7 33. Bxe4 dxe4 34. Kf2 Bd3 35. Bc3 Kf7 36.
Bd4 a6 37. Ke1 Ke8 38. Kd2 Kd7 39. Kc3 Kc6 40. Kb4 Kd5 41. a3 Be2 42. Kc3 a5 43. Kb3 Bd1+ 44. Kc3 Kc6 45. Kc4 Be2+ 46. Kb3 Kb5 47.
Kc3 Ka4 48. Kb2 Bf1 49. Bc5 Kb5 50. Bd4 Kc4 51. Kc2 a4 52. Bb2 Bd3+ 53. Kd2 Kb3 54. Bc1 g4 55. Kd1 Ka2 56. Kd2 Kb1 57. Kd1 Bc2+ 58. Kd2 Bb3 0-1

[Event "*** Titled Tuesday Blitz"]
[Site "Chess.com"]
[Date "2020.05.19"]
[Round "1"]
[White "larisakalinina"]
[Black "sommerpower"]
[Result "1-0"]
[WhiteElo "2028"]
[BlackElo "2465"]
[TimeControl "180+1"]
[EndTime "12:07:29 PDT"]
[Termination "larisakalinina won by checkmate"]

1. e4 c5 2. Nf3 e6 3. d4 cxd4 4. Nxd4 Nc6 5. Nc3 Qc7 6. f4 a6 7.
Nf3 Bc5 8. Bd3 d6 9. Qe2 Nf6 10.
Be3 Bxe3 11. Qxe3 O-O 12. h3 e5 13. f5 d5 14. exd5 Nb4 15. O-O Nxd3 16. Qxd3 Qb6+ 17.
Kh2 Qxb2 18. Nxe5 Rd8 19. d6 Qa3 20. Rad1 b5 21. Ne4 Qxd3 22. cxd3 Bb7 23. Rfe1 Bd5 24. a3 Rac8 25. Rc1 Kf8 26. Rxc8 Rxc8 27. Nxf6 gxf6 28. Nd7+ Kg7 29. Nb6 Rd8 30. Nxd5 Rxd6 31. Nf4 Rd4 32. g3 Ra4 33. Re8 Rxa3 34. Nh5+ Kh6 35. Nxf6 b4 36. Rg8 Ra2+ 37. Kg1 b3 38. g4 Ra1+ 39. Kf2 Ra2+ 40. Kf3 b2 41. g5# 1-0